 Dungeon Crawl Stone Soup version 0.29-a0-284-gf9362112df (webtiles) character file.

Game seed: 8161676106428742260

3151 epen the Quickloader (level 10, -4/62 (64) HPs)
             Began as a Kobold Hunter on Mar 14, 2022.
             Was an Initiate of Gozag.
             Succumbed to a hornet's poison
             ... on level 7 of the Dungeon.
             The game lasted 00:07:46 (6560 turns).

epen the Quickloader (Kobold Hunter)                Turns: 6560, Time: 00:07:47

HP:   -4/62 (64)    AC: 15    Str: 15    XL:     10   Next: 15%
MP:   10/10         EV: 13    Int: 11    God:    Gozag
Gold: 1024          SH:  0    Dex: 25    Spells: 9/9 levels left

rFire   . . .      SeeInvis .   a - +2 hand crossbow
rCold   . . .      Faith    .   (no shield)
rNeg    . . .      Spirit   .   k - +6 chain mail of Lies {Str+7}
rPois   .          Reflect  .   (no helmet)
rElec   .          Harm     .   y - +0 cloak
rCorr   .          Rampage  .   (no gloves)
Will    .....                   (no boots)
Stlth   +++.......              p - amulet of regeneration
HPRegen 1.00/turn               (no ring)
MPRegen 0.12/turn               (no ring)

@: lethally poisoned (-4 -> -15), flying, slowed, lightly drained, very slow
A: small, no large weapons, nightstalker 3, agile 1
a: Renounce Religion, Potion Petition, Call Merchant, Bribe Branch


You were on level 7 of the Dungeon.
You worshipped Gozag.
Gozag was most pleased with you.
You visited 1 branch of the dungeon, and saw 7 of its levels.
You also visited: Sewer.

You collected 1024 gold pieces.

Inventory:

Hand Weapons
 a - a +2 hand crossbow (weapon)
 l - a +4 dagger
Missiles
 e - a throwing net
Armour
 b - a +0 leather armour
 k - the +6 chain mail of Lies (worn) {Str+7}
   (You found it in a sewer)

   Str:       It affects your strength (+7).
 q - a +2 leather armour of cold resistance
 y - a +0 cloak (worn)
Jewellery
 j - a ring of willpower
 n - the amulet "Cefom" {Acrobat Rampage Int+3}
   (You found it on level 4 of the Dungeon)

   [amulet of the acrobat]

   It increases your evasion while moving and waiting.
   Int:       It affects your intelligence (+3).
   Rampage:   It bestows one free step when moving towards enemies.
 p - an amulet of regeneration (around neck)
 t - an amulet of guardian spirit
Wands
 r - a wand of flame (17)
 z - a wand of acid (12)
Scrolls
 c - a scroll of immolation
 d - 4 scrolls of teleportation
 h - 2 scrolls of silence
 i - 2 scrolls of vulnerability
 o - 2 scrolls of enchant armour {unknown}
 w - 2 scrolls of identify
Potions
 f - 4 potions of resistance
 m - 2 potions of cancellation
 s - 5 potions of ambrosia
 v - a potion of degeneration


   Skills:
 + Level 7.7 Fighting
 + Level 10.3 Crossbows
 + Level 8.4 Dodging
 + Level 9.8 Stealth


You had 9 spell levels left.
You didn't know any spells.
Your spell library contained the following spells:

 Spells                   Type           Power      Damage    Failure   Level
 Freeze                   Ice            0%         1d3       100%        1
 Frozen Ramparts          Ice            0%         1d2       100%        3
 Gell's Gravitas          Tloc           0%         N/A       100%        3
 Lesser Beckoning         Tloc           0%         N/A       100%        3
 Teleport Other           Tloc           0%         N/A       100%        3
 Tukima's Dance           Hex            0%         N/A       100%        3
 Anguish                  Hex/Necr       0%         N/A       100%        4
 Hailstorm                Conj/Ice       0%         3d3       100%        4
 Enfeeble                 Hex            0%         N/A       100%        7


Dungeon Overview and Level Annotations

Branches:
Dungeon (7/15)             Temple (0/1) D:5           Sewer (visited)

Altars:
Cheibriados
Dithmenos
Gozag
Vehumet

Shops:
D:1 :   D:6 [

Annotations:
D:3 Grinder
D:6 exclusion: gargoyle
D:7 2 runed translucent doors


Innate Abilities, Weirdness & Mutations

You are small and have problems with some larger weapons.
You are completely attuned to the shadows.
You are agile. (Dex +2)


Message History

The hornet stings you but does no damage.
The hornet barely misses you. The hornet stings you!
You are poisoned.
You feel yourself slow down.
Shoot: a) +2 hand crossbow
Press: ? - help, Shift-Dir - straight line, f/p - hornet
Aim: a hornet (heavily wounded, 63% to hit)
You shoot a bolt. The bolt closely misses the hornet.
You feel yourself speed up.
You feel very sick. The hornet stings you!
* * * LOW HITPOINT WARNING * * *
You are more poisoned.
You feel yourself slow down. The hornet misses you.
The hornet stings you but does no damage.
The hornet completely misses you.
It was a potion of flight.
You feel very buoyant.
You fly up into the air.
You feel yourself speed up.
You feel very sick. The hornet closely misses you. The hornet stings you.
* * * LOW HITPOINT WARNING * * *
You feel yourself slow down.
It was a potion of mutation.
You feel extremely strange.
You feel agile.
You feel very sick. The hornet stings you.
* * * LOW HITPOINT WARNING * * *
You are more poisoned.
You feel as though you will be slow longer.
The hornet stings you.
* * * LOW HITPOINT WARNING * * *
You feel as though you will be slow longer.
Okay, then.
Blink to where?
Press: ? - help, Dir - move target, p - hornet
As you read the scroll of blinking, it crumbles to dust.
You die...
Your body crumbles into a pile of gold.

#.#.... :... .# #.#....
8.[.. .# #.#..#.
#####8..8##.#.##.#..#.
#.y§##++##.)#.......#.
#..#.........####.#.##. ##
#..##.##..# ........
##..##.###.#....#.###
.######...@......######.# #
...........#............. +
##...##...#........###.# #
####..###...#..[.........# #
#....#####..#.#####+#....###
#.................#.#....'..
#....#####..#.###.#.#....###
#.........#...# #.#.#....#
#....####.#...# #.#.#....###


You could see a hornet.

Vanquished Creatures
  Pikel (D:6)
  Prince Ribbit (D:6)
  Sigmund (D:2)
  Menkaure (D:5)
  Edmund (D:6)
  Duvessa (D:4)
  2 sky beasts
  3 ogres (D:6)
  2 centaurs
  A lemure (D:6)
  2 phantoms
  2 bullfrogs (Sewer)
  A necrophage (D:4)
  5 scorpions
  4 wights (D:7)
  Dowan (D:4)
  4 hounds
  A jelly (D:5)
  An orc priest (D:5)
  3 iguanas
  An orc wizard (D:5)
  16 adders
  2 white imps
  An ufetubus (D:5)
  A worm (D:4)
  A dart slug (D:4)
  8 orcs
  7 ball pythons
  4 bats
  2 endoplasms
  11 giant cockroaches
  7 goblins
  5 hobgoblins
  10 jackals
  6 kobolds
  5 quokkas
  11 frilled lizards
  5 rats
141 creatures vanquished.

Vanquished Creatures (others)
  2 fungi (D:2)
  8 plants (D:2)
10 creatures vanquished.

Grand Total: 151 creatures vanquished

Notes
Turn   | Place    | Note
-------+----------+-------------------------------------------
     0 | D:1      | epen the Kobold Hunter began the quest for the Orb.
     0 | D:1      | Reached XP level 1. HP: 12/12 MP: 1/1
   272 | D:1      | Reached XP level 2. HP: 13/18 MP: 2/2
   590 | D:1      | Reached XP level 3. HP: 22/22 MP: 3/3
   871 | D:1      | Found Niag's Book Boutique.
  1217 | D:2      | Found a radiant altar of Vehumet.
  1269 | D:2      | Reached XP level 4. HP: 27/27 MP: 4/4
  1474 | D:2      | Noticed Sigmund
  1480 | D:2      | Reached skill level 6 in Crossbows
  1488 | D:2      | Killed Sigmund
  1489 | D:2      | Reached XP level 5. HP: 5/33 MP: 5/5
  1489 | D:2      | Reached XP level 6. HP: 6/38 MP: 6/6
  1944 | D:2      | Found a faded altar of an unknown god.
  2010 | D:2      | Prayed at the altar of an unknown god.
  2010 | D:2      | Became a worshipper of Gozag Ym Sagoz the Greedy
  2712 | D:3      | Found a snail-covered altar of Cheibriados.
  2721 | D:3      | Found a shadowy altar of Dithmenos.
  2888 | D:3      | Noticed Grinder
  2889 | D:3      | Paralysed by Grinder for 6 turns
  3274 | D:4      | Found a glowing drain.
  3290 | Sewer    | Entered a sewer
  3640 | Sewer    | Identified the +6 chain mail of Lies {Str+7}
  3663 | Sewer    | Reached skill level 5 in Stealth
  3663 | Sewer    | Reached XP level 7. HP: 33/43 MP: 7/7
  3671 | Sewer    | Reached skill level 7 in Crossbows
  3914 | D:4      | Identified the amulet "Cefom" {Acrobat Rampage Int+3}
  4258 | D:4      | Noticed Duvessa
  4259 | D:4      | Noticed Dowan
  4272 | D:4      | Killed Duvessa
  4273 | D:4      | Reached skill level 5 in Dodging
  4273 | D:4      | Killed Dowan
  4399 | D:4      | Reached skill level 5 in Fighting
  4399 | D:4      | Reached XP level 8. HP: 49/49 MP: 8/8
  4835 | D:5      | Entered Level 5 of the Dungeon
  5064 | D:5      | Reached skill level 8 in Crossbows
  5134 | D:5      | Found a staircase to the Ecumenical Temple.
  5441 | D:6      | Noticed Menkaure
  5448 | D:5      | Killed Menkaure
  5513 | D:6      | Noticed Edmund
  5522 | D:6      | Killed Edmund
  5523 | D:6      | Reached XP level 9. HP: 29/55 MP: 9/9
  5561 | D:6      | Noticed Prince Ribbit
  5583 | D:6      | Killed Prince Ribbit
  5584 | D:6      | Reached skill level 9 in Crossbows
  5676 | D:6      | Found Waywous's Antique Armour Boutique.
  5910 | D:6      | Noticed a gargoyle
  5984 | D:6      | Noticed Pikel
  5997 | D:6      | Killed Pikel
  6000 | D:6      | Reached skill level 10 in Crossbows
  6039 | D:6      | Reached XP level 10. HP: 60/63 MP: 10/10
  6448 | D:7      | Found a large runed translucent door.
  6449 | D:7      | Found a large runed translucent door.
  6559 | D:7      | Gained mutation: You are agile. (Dex +2) [potion of
                  | mutation]
  6559 | D:7      | HP: 2/62 [hornet (6)]
  6560 | D:7      | Succumbed to a hornet's poison

Illustrated notes

Levels and vault maps discovered:
D:1:      minmay_arrival_stair_chambers, layout_basic, serial_shops,
          nicolae_shop_window_shopping, minmay_lizard_pond
D:2:      layout_basic, shapermc_ecumenical_altar_mp_ritualfount, basic_altar,
          minmay_pentomino_p2, uniq_sigmund
D:3:      layout_loops_corners, mainiacjoe_overflow_big_doors, uniq_grinder
D:4:      layout_loops_corners, gup_sewer_entry_bubbles, uniq_duvessa
D:5:      layout_rooms, minmay_temple_entry_proselytizer
D:6:      layout_rooms, serial_shops, shop, uniq_prince_ribbit1, uniq_menkaure,
          uniq_edmund, uniq_pikel
D:7:      layout_basic, minmay_hollow_rounded_squares, uniq_crazy_yiuf_cottage

Skill      XL: |  1  2  3  4  5  6  7  8  9 |
---------------+----------------------------+-----
Stealth        | 2 4 5 6 7 9 |  9.8
Dodging        | 3 4 5 6 8 |  8.4
Fighting       | 3 4 5 6 7 |  7.7
Crossbows      | 6 7 8 10 | 10.3

Action                   |  1- 3 |  4- 6 |  7- 9 | 10-12 || total
-------------------------+-------+-------+-------+-------++-------
 Fire: Hand crossbow     |    51 |   138 |   281 |    71 ||   541
  Use: Scroll            |       |    13 |       |     1 ||    14
       Potion            |       |       |       |     2 ||     2
Armor: Leather armour    |     1 |    15 |       |       ||    16
       Chain mail        |       |     7 |   171 |    22 ||   200
Dodge: Dodged            |    26 |    55 |   167 |    50 ||   298

Table legend: (Time is in decaauts)
 A = Elapsed time spent in this place.
 B = Non-inter-level travel time spent in this place.
 C = Inter-level travel time spent in this place.
 D = Time resting spent in this place.
 E = Time spent auto-exploring this place.
 F = Levels seen in this place.
 G = Mean time per level.
                   A        B        C        D        E       F      G
               +--------+--------+--------+--------+--------+-----+--------+
         Total |   6892 |   6722 |    170 |    368 |   5071 |   8 |  861.5 |
       Dungeon |   6332 |   6162 |    170 |    261 |   4760 |   7 |  904.6 |
         Sewer |    559 |    559 |      0 |    107 |    311 |   1 |  559.0 |
               +--------+--------+--------+--------+--------+-----+--------+

Top non-repeatable levels by time:
     D:4: 1351 daAuts
     D:1: 1052 daAuts
     D:3: 1035 daAuts
     D:2: 1002 daAuts
     D:6: 766 daAuts
     D:5: 692 daAuts
   Sewer: 559 daAuts
     D:7: 431 daAuts
